 Dungeon Crawl Stone Soup version 0.16.2-12-gd0ad4c3 (webtiles) character file.

84 Kloppie the Ruffian (level 4, -2/41 HPs)
             Began as a Ghoul Monk on Oct 31, 2015.
             Slain by a sky beast (5 damage)
             ... summoned by a shadow trap
             ... triggered by the player character
             ... on level 4 of the Dungeon.
             The game lasted 00:02:43 (1281 turns).

Kloppie the Ruffian (Ghoul Monk)                    Turns: 1281, Time: 00:02:43

Health: -2/41      AC: 10    Str: 15    XL:     4   Next: 45%
Magic:  3/3        EV: 11    Int:  5    God:
Gold:   73         SH:  0    Dex: 11    Spells: 0 memorised, 3 levels left

rFire  . . .     SeeInvis .       - Unarmed
rCold  + . .     Clarity  .     h - +0 ring mail
rNeg   + + +     SustAb   .     (no shield)
rPois  ∞         Gourm    .     (no helmet)
rElec  .         Spirit   .     (no cloak)
rCorr  .         Warding  .     (no gloves)
rMut   .         Stasis   .     (no boots)
MR     .....                    (no amulet)
Stlth  +.........               (no ring)
                                a - +5 ring of protection

@: rotting, not resistant to hostile enchantments, very unstealthy
A: rotting body, claws 1, carnivore 3, cold resistance 1, negative energy
resistance 3, poison resistance, slow healing 1, torment resistance, unbreathing
a: no special abilities


You were on level 4 of the Dungeon.
You were not hungry.

You visited 1 branch of the dungeon, and saw 3 of its levels.

You collected 73 gold pieces.

Inventory:

Armour
 h - a +0 ring mail (worn)
Jewellery
 a - a +5 ring of protection (left claw)
Scrolls
 c - 2 scrolls of identify
 d - a scroll of teleportation {unknown}
 f - 2 scrolls of enchant armour {unknown}
 g - 2 scrolls of remove curse {unknown}
 i - a scroll of noise {unknown}
 o - a scroll of amnesia {unknown}
Potions
 b - a potion of curing {unknown}
 e - a potion of lignification {unknown}
 j - a potion of heal wounds {unknown}
 k - a potion of agility {unknown}
 l - a potion of poison {unknown}
 m - a potion of restore abilities {unknown}
 n - a potion of ambrosia {unknown}
Comestibles
 p - a meat ration
 q - a chunk of flesh


   Skills:
 + Level 4.7 Fighting
 - Level 2.6 Dodging
 - Level 2.1 Stealth
 + Level 5.3 Unarmed Combat


You had 3 spell levels left.
You didn't know any spells.

Dungeon Overview and Level Annotations

Branches:
Dungeon (4/15)
 Temple: D:4-7

Altars:
Qazlal


Innate Abilities, Weirdness & Mutations

Your body is rotting away.
You thrive on raw meat.
You have sharp fingernails.
You are carnivorous and can eat meat at any time.
Your flesh is cold resistant.
You are immune to negative energy.
Your system is resistant to poisons.
You heal slowly when monsters are visible.
You are immune to unholy pain and torment.
You can survive without breathing.


Message History

Something shocks you.
* * * LOW HITPOINT WARNING * * *
You barely miss something.
The worker ant bites you but does no damage.
Something hits you but does no damage.
Read which item? (? for menu, Esc to quit)
As you read the scroll labeled ISURRUO GHITH, it crumbles to dust.
It is a scroll of identify.
Identify which item? (\ to view known items) (? for menu, Esc to quit)
a - a +5 ring of protection The worker ant closely misses you.
Something hits you but does no damage. The worker ant barely misses you.
Put on which piece of jewellery? (? for menu, Esc to quit)
a - a +5 ring of protection (left claw)
You claw something! The worker ant bites you.
* * * LOW HITPOINT WARNING * * *
Something hits you.
* * * LOW HITPOINT WARNING * * *
Something shocks you.
You die...

................#
.....########......#
#.....# #......#
.....# #......#
...?# #......# ...#
##'##### ..# #.# #{#
#.# #@# #.# #a# #.#
#l#########.#
#...........#
#############


You could see a worker ant and a giant newt.

Vanquished Creatures
  A worker ant (D:4)
  A hound skeleton (D:4)
  2 adders (D:2)
  A worm (D:2)
  2 bats (D:1)
  7 hobgoblins
  A ball python (D:2)
  2 giant newts
  3 kobolds (D:1)
  7 rats
27 creatures vanquished.

Notes
Turn   | Place    | Note
--------------------------------------------------------------
     0 | D:1      | Kloppie, the Ghoul Monk, began the quest for the Orb.
     0 | D:1      | Reached XP level 1. HP: 19/19 MP: 1/1
   307 | D:1      | Reached XP level 2. HP: 23/25 MP: 2/2
   969 | D:2      | Found a stormy altar of Qazlal.
  1087 | D:2      | Reached XP level 3. HP: 20/33 MP: 3/3
  1182 | D:2      | Reached skill level 5 in Unarmed Combat
  1214 | D:2      | You fall through a shaft for 2 floors!
  1225 | D:4      | Reached XP level 4. HP: 32/41 MP: 3/3
  1269 | D:4      | Noticed a sky beast
  1281 | D:4      | Slain by a sky beast

Action                   |  1- 3 |  4- 6 || total
-------------------------+-------+-------++-------
Melee: Unarmed           |   106 |    16 ||   122
  Use: Scroll            |       |     1 ||     1
  Eat: Chunk             |     8 |     2 ||    10
